 Dungeon Crawl Stone Soup version 0.28.0 (webtiles) character file.

Game seed: 9938978960411411666

136 Minsecho the Chiller (level 5, -3/35 HPs)
             Began as a Merfolk Ice Elementalist on Feb 5, 2022.
             Killed by nerve-wracking pain
             ... invoked by Grinder
              (12 damage)
             ... on level 3 of the Dungeon.
             The game lasted 00:06:28 (4080 turns).

Minsecho the Chiller (Merfolk Ice Elementalist)     Turns: 4080, Time: 00:06:28

Health: -3/35      AC:  8    Str: 16    XL:     5   Next: 19%
Magic:  6/9        EV: 12    Int: 15    God:
Gold:   66         SH:  0    Dex: 14    Spells: 3/10 levels left

rFire   . . .      SeeInvis .   n - +0 spear
rCold   . . .      Faith    .   (no shield)
rNeg    . . .      Spirit   .   c - +0 leather armour
rPois   .          Reflect  .   (no helmet)
rElec   .          Harm     .   (no cloak)
rCorr   .          Rampage  .   (no gloves)
Will    .....                   l - +0 pair of boots
Stlth   ++........              (no amulet)
HPRegen 0.11/turn               f - +6 ring of strength
MPRegen 0.11/turn               (no ring)

@: ice-armoured
A: (nimble swimmer 2), mertail
a: no special abilities


You were on level 3 of the Dungeon.
You visited 1 branch of the dungeon, and saw 3 of its levels.

You collected 66 gold pieces.

Inventory:

Hand Weapons
 n - a +0 spear (weapon)
 o - a +1 dagger of draining
 r - a +3 whip
Missiles
 m - 4 curare-tipped darts
Armour
 a - a +0 robe
 c - a +0 leather armour (worn)
 l - a +0 pair of boots (worn)
Jewellery
 e - a +4 ring of protection
 f - a +6 ring of strength (left hand)
 i - an amulet of faith
Scrolls
 d - 4 scrolls of identify {unknown}
 g - a scroll of fear {unknown}
 h - a scroll of amnesia {unknown}
 j - 3 scrolls of enchant weapon {unknown}
 p - a scroll of brand weapon {unknown}
 q - a scroll of magic mapping {unknown}
 s - a scroll of blinking {unknown}
Potions
 k - a potion of curing {unknown}


   Skills:
 + Level 0.2 Fighting
 + Level 1.5 Polearms
 + Level 0.9 Armour
 + Level 3.1 Dodging
 + Level 2.5 Stealth
 + Level 3.1 Spellcasting
 + Level 5.4 Ice Magic


You had 3 spell levels left.
You knew the following spells:

 Your Spells              Type           Power      Damage    Failure   Level
a - Freeze                Ice            72%        1d9       2%          1
b - Frozen Ramparts       Ice            36%        1d5       8%          3
c - Ozocubu's Armour      Ice            18%        N/A       8%          3

Your spell library contained the following spells:

 Spells                   Type           Power      Damage    Failure   Level
 Hailstorm                Conj/Ice       10%        3d5       61%         4


Dungeon Overview and Level Annotations

Branches:
Dungeon (3/15)

Altars:

Annotations:
D:3 Grinder


Innate Abilities, Weirdness & Mutations

((You are very nimble when in or above water. (Stealth+, EV+, Speed+++)))
Your lower body shifts to a powerful aquatic tail in water.


Message History

You start resting.
Magic restored.
You start resting.
A rat comes into view.
You climb downwards.
Level annotation: Grinder Grinder blinks!
There is a stone staircase leading up, spattered with blood here.
Casting: Freeze (safe; 2% risk of failure)
Confirm with . or Enter, or press ? or * to list all spells.
A film of ice covers your body! Grinder hits you.
You writhe in agony.
Unknown command.
Unknown command.
You hit Grinder.
Grinder is moderately wounded.
Grinder gestures at you. Pain shoots through your body!
You completely miss Grinder.
Grinder is moderately wounded.
Grinder closely misses you.
You closely miss Grinder.
Grinder is moderately wounded.
Grinder gestures at you. You resist with significant effort.
You hit Grinder.
Grinder is moderately wounded.
Grinder gestures at you. Pain shoots through your body!
* * * LOW HITPOINT WARNING * * *
Unknown command.
You hit Grinder.
Grinder is moderately wounded.
Grinder hits you but does no damage.
You hit Grinder but do no damage.
Grinder is moderately wounded.
Grinder blinks!
Your icy armour will break if you move.
Continue?
Grinder gestures at you. Pain shoots through your body!
You die...

###############
..............#######
.############5..@ยง..##
.......####
#######..############
######....###...#
##.............
####.......#########.....###
#####........# #.....# #
###......# #.....# #
#......# ##..### #
###......# #..###### #.
#........# #........


You could see Grinder.

Vanquished Creatures
  A centaur zombie (D:3)
  An orc wizard (D:3)
  3 adders
  A dart slug (D:2)
  4 orcs (D:3)
  4 bats (D:1)
  An endoplasm (D:2)
  2 giant cockroaches (D:2)
  4 goblins
  5 hobgoblins
  3 quokkas
  4 ball pythons
  4 frilled lizards
  5 kobolds
  4 rats
46 creatures vanquished.

Notes
Turn   | Place    | Note
-------+----------+-------------------------------------------
     0 | D:1      | Minsecho the Merfolk Ice Elementalist began the quest for
                  | the Orb.
     0 | D:1      | Reached XP level 1. HP: 13/13 MP: 3/3
   411 | D:1      | Reached XP level 2. HP: 18/19 MP: 0/5
  1351 | D:2      | Reached XP level 3. HP: 22/24 MP: 3/6
  2133 | D:2      | Found a faded altar of an unknown god.
  2168 | D:2      | Reached skill level 5 in Ice Magic
  2954 | D:3      | Noticed Grinder
  3147 | D:3      | Learned a level 3 spell: Frozen Ramparts
  3151 | D:3      | Learned a level 3 spell: Ozocubu's Armour
  3198 | D:3      | Reached XP level 4. HP: 20/30 MP: 6/8
  3414 | D:3      | Reached skill level 1 in Polearms
  3416 | D:3      | Reached XP level 5. HP: 17/35 MP: 1/9
  3692 | D:3      | Paralysed by Grinder for 5 turns
  3822 | D:3      | Paralysed by Grinder for 2 turns
  3859 | D:3      | Paralysed by Grinder for 7 turns
  4080 | D:3      | Killed from afar by Grinder

Illustrated notes

Levels and vault maps discovered:
D:1:      dpeg_arrival_triangle_fractal, layout_basic
D:2:      layout_basic, ebering_ecumenical_altar_rust, serial_co_window_serial,
          co_window_corner_a, co_window_corner_a, co_window_paths_b,
          co_window_corner_a, co_window_paths_a, co_window_paths_a,
          co_window_of_opportunity_a, co_window_broadway_c, co_window_paths_c,
          co_window_corner_b, co_window_corner_ca, co_window_4corner_b,
          glass_columns_c, glass_columns_b, glass_columns_b, glass_columns_a,
          glass_columns_a
D:3:      layout_rooms, uniq_grinder

Skill      XL: |  1  2  3  4 |
---------------+-------------+-----
Ice Magic      | 5 |  5.4
Dodging        | 3 |  3.1
Spellcasting   | 3 |  3.1
Polearms       | 1 |  1.5
Fighting       | |  0.2
Armour         | |  0.9
Stealth        | |  2.5

Action                   |  1- 3 |  4- 6 || total
-------------------------+-------+-------++-------
Melee: Unarmed           |     2 |       ||     2
       Short sword       |     4 |       ||     4
       Spear             |    20 |    64 ||    84
 Cast: Freeze            |    49 |    11 ||    60
       Ozocubu's Armour  |       |     4 ||     4
       Frozen Ramparts   |       |     3 ||     3
  Use: Potion            |       |     3 ||     3
 Stab: Sleeping          |     2 |       ||     2
Armor: Leather armour    |    23 |    28 ||    51
Dodge: Dodged            |    45 |    27 ||    72
